AoeStats
← TW-TP-Xizhi-District

Migration

506550705Analyzed
1v1 RM · 19d ago on Sep 14, 2026· 36m 33s· 2 players
Game mode
Random Map
Map size
132×132
Population
200
Speed
Normal
Resources
Standard
Victory
Conquest
Starting age
Dark Age
Ending age
Imperial Age
RankedLock teamsTeams togetherTeam positionsShared explorationLock speedFull tech treeHidden civsTurbo modeCheats
Victory
Defeat
🇵🇹 Koreans · Portugal
186
+14
🇹🇼 Shu · Taiwan
132
-14
TW-TP-Xizhi-District
2:56 Loom
10:10 Feudal Age
10:39 Double-Bit Axe
10:48 Horse Collar
12:02 Wheelbarrow
20:47 Castle Age
19:01 Fletching
19:43 Town Watch
19:57 Gold Mining
20:02 Stone Mining
20:20 Man-at-Arms
22:15 Medium Warships
22:29 Hand Cart
23:24 Gold Shaft Mining
25:46 Bow Saw
26:22 Town Patrol
28:57 Padded Archer Armor
29:04 Scale Barding Armor
29:01 Scale Mail Armor
29:16 Forging
35:29 Imperial Age
34:05 Heavy Plow
33:35 Elite Skirmisher
34:27 Thumb Ring
34:44 Chain Mail Armor
35:17 Squires
35:04 Gambesons
34:40 Long Swordsman
F O R S E N
13:39 Feudal Age
16:25 Fishing Lines
18:12 Double-Bit Axe
21:59 Loom
24:37 Castle Age
24:04 Gold Mining
24:03 Horse Collar
26:13 Bow Saw
36:00 Imperial Age
34:54 Fletching
Connection lost

Rejoining the realm…

Still unreachable

The connection could not be restored.

Session expired

The server has moved on; the page needs a fresh start.